 Dungeon Crawl Stone Soup version 0.30-a0-883-g5ad918d77d (webtiles) character file.

Game seed: 17580282594055233305

283 Orangeyouglad the Grave Robber (level 6, -3/41 HPs)
             Began as a Human Necromancer on Mar 17, 2023.
             Killed by an exploding gnoll (21 damage)
             ... ignited by their inner flame
             ... on level 4 of the Dungeon.
             The game lasted 00:11:05 (4348 turns).

Orangeyouglad the Grave Robber (Human Necromancer)  Turns: 4348, Time: 00:11:05

Health: -3/41      AC:  2    Str:  8    XL:     6   Next: 54%
Magic:  5/11       EV: 13    Int: 18    God:
Gold:   186        SH:  0    Dex: 13    Spells: 3/11 levels left

rFire   . . .      SeeInvis .    f - +0 rapier
rCold   . . .      Faith    .    (no shield)
rNeg    . . .      Spirit   .    a - +0 robe
rPois   .          Reflect  .    (no helmet)
rElec   .          Rampage  .    (no cloak)
rCorr   .                        (no gloves)
Will    +....                    (no boots)
Stlth   ++                       (no amulet)
HPRegen 0.26/turn                q - ring of willpower
MPRegen 0.12/turn                (no ring)

@: no status effects
A: no striking features
a: no special abilities


You were on level 4 of the Dungeon.
You visited 1 branch of the dungeon, and saw 4 of its levels.

You collected 206 gold pieces.
You spent 20 gold pieces at shops.

Inventory:

Hand Weapons
 f - a +0 rapier (weapon)
Missiles
 l - 6 boomerangs
Armour
 a - a +0 robe (worn)
Jewellery
 q - a ring of willpower (left hand)
Scrolls
 d - 2 scrolls of immolation
 h - a scroll of blinking {unknown}
 i - a scroll of amnesia {unknown}
 j - a scroll of enchant armour {unknown}
 m - 2 scrolls of teleportation {unknown}
Potions
 b - a potion of ambrosia {unknown}
 c - a potion of curing
 e - 2 potions of brilliance {unknown}
 g - a potion of degeneration {unknown}
 n - a potion of might {unknown}
 o - a potion of haste {unknown}
 p - 2 potions of lignification {unknown}
 r - a potion of cancellation {unknown}


   Skills:
 + Level 3.5 Dodging
 + Level 3.8 Stealth
 + Level 3.3 Spellcasting
 + Level 5.0 Necromancy


You had 3 spell levels left.
You knew the following spells:

 Your Spells              Type           Power      Damage    Failure   Level
a - Necrotise             Necr           84%        1d8       1%          1
b - Animate Dead          Necr           21%        N/A       21%         4
c - Vampiric Draining     Necr           21%        2d7       6%          3

Your spell library contained the following spells:

 Spells                   Type           Power      Damage    Failure   Level
 Cigotuvi's Dreadful Rot  Necr/Pois/Air  18%        N/A       12%         2
 Call Canine Familiar     Summ           3%         N/A       43%         3
 Agony                    Necr           21%        N/A       50%         5
 Lightning Bolt           Conj/Air       1%         1d12      99%         5
 Summon Mana Viper        Hex/Summ       3%         N/A       99%         5
 Malign Gateway           Summ/Tloc      1%         N/A       100%        7
 Summon Horrible Things   Summ           1%         N/A       100%        8


Dungeon Overview and Level Annotations

Branches:
Dungeon (4/15)
 Temple: D:4-7

Altars:

Shops:
D:3 !*


Message History

The gnoll picks up the pace!
You hit the gnoll bouda.
The gnoll bouda is lightly wounded.
The gnoll bouda hits you with a +0 whip!
Casting: Necrotise (safe; 1% risk of failure)
Confirm with . or Enter, or press ? or * to list all spells.
Aiming: Vampiric Draining (dangerous; 6% risk of failure)
Press: ? - help, Shift-Dir - straight line, f/p - gnoll bouda
Aim: a gnoll bouda, wielding a +0 whip and wearing a +0 robe (lightly wounded)
You draw life force from the gnoll bouda!
You feel life coursing into your body.
The gnoll bouda hits you with a +0 whip.
Casting: Vampiric Draining (dangerous; 6% risk of failure)
Confirm with . or Enter, or press ? or * to list all spells.
Aiming: Vampiric Draining (dangerous; 6% risk of failure)
Press: ? - help, Shift-Dir - straight line, f/p - gnoll bouda
Aim: a gnoll bouda, wielding a +0 whip and wearing a +0 robe (severely wounded)
You draw life force from the gnoll bouda!
You kill the gnoll bouda!
You feel life coursing into your body. The gnoll hits you with a +0 flail!
The gnoll attacks as you move away! The gnoll closely misses you.
The gnoll attacks as you move away! The gnoll closely misses you.
The gnoll attacks as you move away! The gnoll hits you with a +0 flail. x2
You aren't carrying any items that you can evoke.
Okay, then.
As you read the scroll labelled JEN MATUETATA, it crumbles to dust.
The creatures around you are filled with an inner flame!
It was a scroll of immolation.
The gnoll is no longer moving quickly.
The gnoll misses you.
Okay, then.
You barely miss the gnoll. The gnoll hits you with a +0 flail.
You hit the gnoll.
Flame seeps out of the gnoll.
You punch the gnoll, but do no damage.
The gnoll is heavily wounded.
The gnoll is engulfed in blazing flames.
The gnoll explodes!
The fiery explosion engulfs you!!
Ouch! That really hurt!
You die...

#.###............
#.# #####'#+##..
#.#######.#
#.#<......#
#.######### #.#
#.# #.# #@# #○#
###g# #..g# #.###
### ##g###$....
#...gg.# ######.#


You could see 2 gnolls.

Vanquished Creatures
  A hound (D:4)
  A gnoll bouda (D:4)
  An orc priest (D:3)
  An iguana (D:3)
  3 gnolls (D:4)
  6 adders
  3 worms
  3 dart slugs
  5 orcs
  7 ball pythons
  4 bats
  2 endoplasms (D:1)
  10 goblins
  7 hobgoblins
  3 jackals (D:1)
  5 kobolds
  2 quokkas (D:3)
  3 frilled lizards
  5 rats
72 creatures vanquished.

Vanquished Creatures (collateral kills)
  2 goblins
  A jackal (D:1)
  A quokka (D:3)
  3 rats
7 creatures vanquished.

Grand Total: 79 creatures vanquished

Notes
Turn   | Place    | Note
-------+----------+-------------------------------------------
     0 | D:1      | Orangeyouglad the Human Necromancer began the quest for the
                  | Orb.
     0 | D:1      | Reached XP level 1. HP: 13/13 MP: 3/3
   342 | D:1      | Reached XP level 2. HP: 19/19 MP: 1/5
   930 | D:1      | Reached XP level 3. HP: 24/24 MP: 4/6
  1328 | D:1      | Learned a level 3 spell: Vampiric Draining
  1947 | D:2      | Reached XP level 4. HP: 9/30 MP: 0/7
  1952 | D:2      | HP: 1/30 [goblin/+0 dagger (3)]
  2111 | D:2      | Learned a level 4 spell: Animate Dead
  2150 | D:3      | Noticed Natasha
  2191 | D:3      | Found Merhakh's Distillery.
  2201 | D:3      | Found Caemeh's General Store.
  2228 | D:3      | Bought a scroll of identify for 20 gold pieces
  2380 | D:3      | Got the Compendium of the Charged Congregation
  2563 | D:3      | Reached XP level 5. HP: 26/35 MP: 1/9
  2713 | D:3      | Natasha changed into Natasha the adder
  2713 | D:3      | Noticed Natasha
  2718 | D:3      | Killed Natasha the adder
  2733 | D:3      | Noticed Natasha
  2813 | D:3      | Natasha changed into Natasha the quokka
  2813 | D:3      | Noticed Natasha
  2814 | D:3      | Killed Natasha the quokka
  3032 | D:3      | Noticed Natasha
  3036 | D:3      | Natasha changed into Natasha the iguana
  3036 | D:3      | Noticed Natasha
  3041 | D:3      | Killed Natasha the iguana
  3978 | D:4      | Reached XP level 6. HP: 41/41 MP: 7/10
  4022 | D:4      | Noticed an ogre
  4286 | D:4      | Reached skill level 5 in Necromancy
  4348 | D:4      | Killed by an exploding gnoll... ignited by their inner
                  | flame

Illustrated notes

Levels and vault maps discovered:
D:1:      erik_arrival_blinker_ship, layout_loops_corners, nrook_campfire
D:2:      layout_basic
D:3:      layout_rooms, serial_shops, shop, nicolae_shop_stone,
          serial_corexii_hall, chequers_hall_statues_y, corexii_hall_statues_u,
          chequers_serial_rivers_micro_c, uniq_natasha
D:4:      layout_basic, serial_shops, shop

Skill      XL: |  1  2  3  4  5  6 |
---------------+-------------------+-----
Stealth        | 3 |  3.8
Dodging        | 3 |  3.5
Spellcasting   | 3 |  3.3
Necromancy     | 5 |  5.0

Action                     |  1- 3 |  4- 6 || total
---------------------------+-------+-------++-------
  Melee: Unarmed           |    18 |       ||    18
         Short sword       |     6 |     5 ||    11
         Dagger            |     2 |       ||     2
         Rapier            |       |    48 ||    48
         Punch             |       |     1 ||     1
  Throw: Boomerang         |       |     3 ||     3
   Cast: Necrotise         |    72 |    66 ||   138
         Vampiric Draining |       |    18 ||    18
  Evoke: Wand              |       |     7 ||     7
    Use: Scroll            |       |     2 ||     2
         Potion            |       |     2 ||     2
   Stab: Distracted        |     1 |       ||     1
         Sleeping          |       |     1 ||     1
 Armour: Robe              |    18 |    29 ||    47
  Dodge: Dodged            |    59 |   128 ||   187

Table legend: (Time is in decaauts)
 A = Elapsed time spent in this place.
 B = Non-inter-level travel time spent in this place.
 C = Inter-level travel time spent in this place.
 D = Time resting spent in this place.
 E = Time spent auto-exploring this place.
 F = Levels seen in this place.
 G = Mean time per level.
                   A        B        C        D        E       F      G
               +--------+--------+--------+--------+--------+-----+--------+
         Total |   4372 |   3990 |    382 |    566 |   2144 |   4 | 1093.0 |
       Dungeon |   4372 |   3990 |    382 |    566 |   2144 |   4 | 1093.0 |
               +--------+--------+--------+--------+--------+-----+--------+

Top non-repeatable levels by time:
     D:2: 1374 daAuts
     D:1: 1254 daAuts
     D:3: 1103 daAuts
     D:4: 640 daAuts
